 Dungeon Crawl Stone Soup version 0.30-a0-381-g6ea064c7b4 (webtiles) character file.

Game seed: 12923769159836706257

35 KennySheep the Shooter (level 3, -2/29 HPs)
             Began as a Demigod Hunter on Dec 1, 2022.
             Slain by an ogre
             ... wielding a +0 giant spiked club
              (31 damage)
             ... on level 4 of the Dungeon.
             The game lasted 00:05:05 (1719 turns).

KennySheep the Shooter (Demigod Hunter)             Turns: 1719, Time: 00:05:05

Health: -2/29      AC:  3    Str:  9 (12) XL:     3   Next: 2%
Magic:  5/5        EV: 12    Int:  9 (11) God:
Gold:   87         SH:  0    Dex: 18 (21) Spells: 2/2 levels left

rFire   . . .      SeeInvis .    a - +0 shortbow
rCold   . . .      Faith    .    (shield currently unavailable)
rNeg    . . .      Spirit   .    c - +0 leather armour
rPois   .          Reflect  .    (no helmet)
rElec   .          Harm     .    (no cloak)
rCorr   .          Rampage  .    (no gloves)
Will    .....                    (no boots)
Stlth   ++........               (no amulet)
HPRegen 0.24/turn                (no ring)
MPRegen 0.09/turn                (no ring)

@: no status effects
A: high MP 1, forlorn, divine attributes
a: no special abilities


You were on level 4 of the Dungeon.
You visited 1 branch of the dungeon, and saw 4 of its levels.

You collected 157 gold pieces.
You spent 70 gold pieces at shops.

Inventory:

Hand Weapons
 a - a +0 shortbow (weapon)
Armour
 c - a +0 leather armour (worn)
Scrolls
 b - 2 scrolls of immolation
 e - 2 scrolls of magic mapping {unknown}
 g - a scroll of poison
 i - 2 scrolls of noise
 j - 2 scrolls of blinking
 l - a scroll of teleportation
Potions
 d - 2 potions of flight
 f - a potion of berserk rage {unknown}
 h - a potion of degeneration
 k - a potion of heal wounds {unknown}
 m - a potion of haste {unknown}
 n - a potion of curing


   Skills:
 + Level 2.2 Fighting
 + Level 3.9 Ranged Weapons
 + Level 2.2 Dodging
 + Level 1.6 Stealth


You had 2 spell levels left.
You didn't know any spells.
Your spell library contained the following spells:

 Spells                   Type           Power      Damage    Failure   Level
 Blink                    Tloc           0%         N/A       65%         2
 Momentum Strike          Conj/Tloc      0%         3d8       65%         2
 Hailstorm                Conj/Ice       0%         3d3       86%         3
 Lesser Beckoning         Tloc           0%         N/A       86%         3
 Ice Form                 Ice/Tmut       0%         N/A       99%         4
 Simulacrum               Ice/Necr       0%         N/A       100%        6


Dungeon Overview and Level Annotations

Branches:
Dungeon (4/15)
 Temple: D:4-7

Shops:
D:2 ?

Annotations:
D:3 Ijyb


Innate Abilities, Weirdness & Mutations

You have an increased reservoir of magic. (+10% MP)
You shall have no god before yourself.
Your divine heritage dramatically boosts your attributes as you level up.


Message History

* * * LOW HITPOINT WARNING * * *
It was a potion of flight.
You feel very buoyant.
You fly up into the air.
Ijyb misses you.
It was a potion of curing.
You feel better. Ijyb closely misses you.
It was a potion of degeneration.
There was something very wrong with that liquid.
You feel weakened.
You feel dopey.
You feel clumsy. Ijyb hits you with a +0 club!
* * * LOW HITPOINT WARNING * * *
It was a potion of might.
You feel very mighty all of a sudden.
Ijyb zaps a wand.
The puff of flame misses you.
Blink to where?
Press: ? - help, Dir - move target, p - Ijyb
Found a stone staircase leading down.
As you read the scroll of blinking, it crumbles to dust.
There is a stone staircase leading down here.
You fly downwards.
There is a stone staircase leading up here.
You start resting.
You are starting to lose your buoyancy.
You feel a little less mighty now.
You start resting.
You float gracefully downwards.
You start resting.
HP restored.
An orc and an ogre come into view.
Found a tapered glass wand and a robe.
You shoot an arrow. The arrow hits the ogre.
The ogre is moderately wounded.
Okay, then.
You shoot an arrow. The arrow hits the ogre.
The ogre is heavily wounded.
You shoot an arrow.
The arrow hits the ogre but does no damage.
The ogre is heavily wounded.
You shoot an arrow. The arrow barely misses the ogre.
The ogre hits you with a +0 giant spiked club!!
Ouch! That really hurt!
You die...

####################
#..........O@.......
#<.#################
#..# #..# #..#
O...O......./.
.......###..o.
.......# .. .......#


You could see an ogre.

Vanquished Creatures
  A dart slug (D:1)
  4 bats
  4 endoplasms
  2 goblins
  2 hobgoblins
  2 jackals (D:1)
  7 kobolds
  A ball python (D:1)
  2 frilled lizards (D:1)
  A jackal skeleton (D:2)
  A jackal zombie (D:2)
  A quokka zombie (D:2)
  2 rats (D:1)
30 creatures vanquished.

Notes
Turn   | Place    | Note
-------+----------+-------------------------------------------
     0 | D:1      | KennySheep the Demigod Hunter began the quest for the Orb.
     0 | D:1      | Reached XP level 1. HP: 17/17 MP: 3/3
    26 | D:1      | Upgraded the game from 0.30-a0-377-g5cb311bc9f to
                  | 0.30-a0-381-g6ea064c7b4
    65 | D:1      | Reached skill level 1 in Stealth
   314 | D:1      | Reached XP level 2. HP: 24/24 MP: 4/4
   807 | D:2      | Found Qotat's Magic Scroll Shoppe.
   813 | D:2      | Bought a scroll of teleportation for 30 gold pieces
   813 | D:2      | Bought a scroll of identify for 20 gold pieces
   962 | D:2      | Bought a scroll of identify for 20 gold pieces
  1574 | D:3      | Reached XP level 3. HP: 29/29 MP: 5/5
  1575 | D:3      | Noticed Ijyb
  1582 | D:3      | HP: 1/29 [Ijyb/+0 club (7)]
  1702 | D:4      | Noticed an ogre
  1719 | D:4      | Slain by an ogre

Illustrated notes

Levels and vault maps discovered:
D:1:      scummos_arrival_simple_crosswalls, layout_basic
D:2:      layout_basic, serial_undead, serial_undead_a, serial_undead_e,
          serial_undead_f, serial_undead_c, chequers_ecumenical_altar_grove,
          serial_shops, shop_scrolls, hangedman_decor_clover_reticule
D:3:      layout_loops_ring, nicolae_ru_sacrificial_ziggurat, uniq_ijyb
D:4:      layout_basic, temple_green, serial_shops, nicolae_shop_trees,
          fountainhead, serial_park_tiny_2

Skill      XL: |  1 |
---------------+----+-----
Stealth        | 1 |  1.6
Fighting       | 2 |  2.2
Dodging        | 2 |  2.2
Ranged Weapons | |  3.9

Action                   || total
-------------------------++-------
 Fire: Shortbow          ||    83
  Use: Scroll            ||     4
       Potion            ||     4
Armor: Leather armour    ||     8
Dodge: Dodged            ||    23

Table legend: (Time is in decaauts)
 A = Elapsed time spent in this place.
 B = Non-inter-level travel time spent in this place.
 C = Inter-level travel time spent in this place.
 D = Time resting spent in this place.
 E = Time spent auto-exploring this place.
 F = Levels seen in this place.
 G = Mean time per level.
                   A        B        C        D        E       F      G
               +--------+--------+--------+--------+--------+-----+--------+
         Total |   1747 |   1702 |     45 |    108 |   1353 |   4 |  436.8 |
       Dungeon |   1747 |   1702 |     45 |    108 |   1353 |   4 |  436.8 |
               +--------+--------+--------+--------+--------+-----+--------+

Top non-repeatable levels by time:
     D:1: 733 daAuts
     D:2: 662 daAuts
     D:3: 220 daAuts
     D:4: 131 daAuts
